Map: Interloper LE

Players

Pushmiq

  • Race: Terran Terran
  • League: Gold
  • Spawn Location: 5:00

Yata - Winner!

  • Race: Zerg Zerg
  • League: Platinum
  • Spawn Location: 11:00

VOD

Have the link to the VOD?

Description

Time

  • Played on: Nov. 8, 2017, 4:26 p.m.
  • Length: 5:57
Show
View Real Time Build Order
Export as new Build Order

Pushmiq Terran 

Build Orders:  

Get SALT Encoding   

  12  0:01  SCV  
  13  0:13  SCV  
  14  0:19  Supply Depot  
  14  0:25  SCV  
  15  0:41  SCV  
  16  0:43  Barracks  
  16  0:52  Supply Depot  
  16  0:53  SCV  
  17  1:05  SCV  
  17  1:09  Barracks  
  18  1:17  SCV  
  19  1:22  Barracks  
  19  1:29  SCV  
  20  1:37  Marine  
  21  1:42  Barracks  
  21  1:51  Orbital Command  
  21  1:56  Marine  
  21  1:58  Marine  
  23  2:18  Marine x3  
  26  2:23  SCV  
  27  2:32  Supply Depot  
  27  2:36  Marine x4  
  30  2:45  SCV  
  30  2:50  Supply Depot  
  31  2:54  Marine x4  
  35  3:03  SCV  
  36  3:07  Refinery  
  36  3:11  Marine x2  
  36  3:12  Marine x2  
  40  3:15  SCV  
  40  3:19  Supply Depot  
  41  3:29  Marine x3  
  41  3:30  Marine  
  44  3:42  Supply Depot  
  44  3:47  Marine x2  
  44  3:48  Marine  
  43  3:52  Refinery  
  45  4:00  Barracks Tech Lab  
  44  4:05  Marine x2  
  44  4:06  Marine  
  47  4:18  Engineering Bay  
  47  4:21  Concussive Shells  
  47  4:23  Marine x2  
  35  4:39  Barracks Tech Lab  
  35  4:41  Marine  
  35  4:51  Barracks Tech Lab  
  36  4:53  Bunker, Marauder  
  34  5:01  Marine x2  
  33  5:12  Marine  
  30  5:14  Marauder  
  30  5:19  Marine x2  
  30  5:27  Bunker  
  28  5:30  Marine  
  28  5:35  Marine  
  27  5:37  Marine x2  
Show
View Real Time Build Order
Export as new Build Order

Yata Zerg - Winner!

Build Orders: Hatch First 

Get SALT Encoding   

  12  0:01  Drone  
  13  0:13  Overlord  
  13  0:17  Drone  
  14  0:31  Drone x2  
  14  0:35  Drone  
  17  0:54  Hatchery  
  17  0:56  Drone  
  17  1:00  Drone  
  18  1:10  Extractor  
  17  1:15  Spawning Pool  
  17  1:18  Drone  
  17  1:21  Drone  
  18  1:28  Drone  
  19  1:40  Overlord  
  19  1:51  Drone  
  20  2:08  Zergling x4  
  22  2:11  Queen  
  22  2:12  Queen  
  26  2:38  Drone  
  26  2:39  Drone x5  
  26  2:41  Metabolic Boost  
  32  2:47  Queen  
  32  2:50  Overlord x2  
  34  2:59  Spine Crawler  
  34  3:03  Zergling x4  
  35  3:10  Baneling Nest  
  35  3:12  Zergling x4  
  36  3:22  Zergling x2  
  37  3:28  Zergling x10  
  37  3:30  Zergling x2  
  40  3:49  Zergling x6  
  40  3:51  Drone  
  40  3:55  Zergling x6  
  47  4:01  Baneling x5  
  47  4:09  Zergling x4  
  46  4:12  Drone  
  43  4:29  Zergling x10  
  43  4:30  Zergling x2  
  47  4:40  Drone x2  
  47  4:44  Zergling x2  
  50  4:53  Lair  
  50  4:55  Extractor  
  47  5:01  Zergling x10  
  47  5:10  Zergling x4  
  48  5:20  Zergling x4  
  50  5:24  Zergling x4  
  52  5:29  Overlord x4  
  52  5:30  Overlord  
  51  5:45  Hatchery  
Tags
 
Matchup
TvZ
Replay Pack
Pack 1
Spawn Locations
Cross Positions
Add a new tag
Caveats
  • Supply blocks, unpowered buildings, or Contaminate may cause inaccurate times.
  • Supply counts are checked every 10 seconds.